cohdb
Replays
Latest Replays
All Replays
Popular Replays
Top Player Replays
Match Explorer
How It Works
Community
CoH3 Stats
Reddit
Sign in to upload your games and track your stats! →
Sign in with Steam
Match 42864515
Unlisted
Match 42864515
Overview
Messages
Build Orders
End
Construct Barracks
Selects Armored Battlegroup
Selects Veteran Crews
1⁄4-ton 4x4 Truck
Riflemen Squad
Riflemen Squad
Grenade Package
Riflemen Squad
Riflemen Squad
Mechanized Support Center
M1918 Browning Automatic Rifles
Construct Medical Station
Selects Fast Deploy
Riflemen Squad
Selects M8 Scott SPG
M8 Scott SPG
Selects UNKNOWN (2160077)
Engineer Squad
Construct Tank Depot
Selects UNKNOWN (2160077)
Selects Field Repairs
Selects War Machine
M4A3E8 Sherman Easy Eight
M4A3E8 Sherman Easy Eight
Der_Therapeut
ManOfWar
incel_incinerat0r
GodFearer777xboxlive
0
0
Comments
sign in to comment!
No comments posted yet!